 Dungeon Crawl Stone Soup version 0.28.0 (webtiles) character file.

Game seed: 10398219688819908078

2681 GrayStillPlays the Fighter (level 9, -1/97 HPs)
             Began as an Ogre Fighter on Feb 8, 2022.
             Was an Initiate of Gozag.
             Slain by a hornet (9 damage)
             ... while paralysed by a hornet
             ... on level 6 of the Dungeon.
             The game lasted 00:16:29 (8778 turns).

GrayStillPlays the Fighter (Ogre Fighter)           Turns: 8778, Time: 00:16:30

Health: -1/97      AC:  7    Str: 22    XL:     9   Next: 64%
Magic:  0/18       EV:  1    Int: 19    God:    Gozag
Gold:   1122       SH:  0    Dex:  8    Spells: 14/20 levels left

rFire   . . .      SeeInvis .   a - +1 war axe {axe}
rCold   . . .      Faith    .   c - +0 kite shield
rNeg    . . .      Spirit   +   b - +0 robe
rPois   .          Reflect  .   (helmet restricted)
rElec   .          Harm     .   (no cloak)
rCorr   .          Rampage  .   (gloves unavailable)
Will    .....                   (boots unavailable)
Stlth   +.........              g - amulet of guardian spirit
HPRegen 0.26/turn               q - +6 ring of intelligence
MPRegen 0.16/turn               u - +4 ring of protection

@: paralysed, mighty, slowed
A: large, unfitting armour, tough skin 1
a: Renounce Religion, Potion Petition, Call Merchant, Bribe Branch


You were on level 6 of the Dungeon.
You worshipped Gozag.
Gozag was most pleased with you.
You visited 1 branch of the dungeon, and saw 7 of its levels.
You also visited: Ossuary.

You collected 1144 gold pieces.
You paid 22 gold pieces to Gozag.


Innate Abilities, Weirdness & Mutations

You are too large for most types of armour.
You have tough skin. (AC +1)


   Skills:
 + Level 8.8 Fighting
 - Level 2.0 Axes
 + Level 6.0 Dodging
 + Level 6.1 Shields
 + Level 6.3 Spellcasting
 + Level 2.1 Transmutations
 - Level 3.3 Ice Magic


You had 14 spell levels left.
You knew the following spells:

 Your Spells              Type           Power      Damage    Failure   Level
a - Frozen Ramparts       Ice            36%        1d5       17%         3
b - Spider Form           Tmut/Pois      10%        N/A       41%         3

Your spell library contained the following spells:

 Spells                   Type           Power      Damage    Failure   Level
 Freeze                   Ice            72%        1d9       6%          1
 Ensorcelled Hibernation  Hex/Ice        24%        N/A       17%         2
 Foxfire                  Conj/Fire      24%        2x1d5     22%         1
 Conjure Flame            Conj/Fire      6%         6-21      56%         3
 Inner Flame              Hex/Fire       6%         N/A       56%         3
 Hailstorm                Conj/Ice       12%        3d5       75%         4
 Anguish                  Hex/Necr       3%         N/A       92%         4
 Flame Wave               Conj/Fire      6%         2d5       92%         4

Inventory:

Hand Weapons
 a - a +1 war axe (weapon) {axe}
 v - a +0 giant spiked club {mace}
   (You took it off an ogre on level 5 of the Dungeon)
Missiles
 f - 149 stones {throwing}
 k - 23 arrows
 m - 17 poisoned darts {throwing}
 r - 3 boomerangs {throwing}
 t - 26 sling bullets
 x - 70 bolts
 y - 3 curare-tipped darts (quivered) {=fthrowing}
Armour
 b - a +0 robe (worn)
 c - a +0 kite shield (worn)
Magical Staves
 D - a staff of poison {!astaff}
   (You found it on level 5 of the Dungeon)
Jewellery
 g - an amulet of guardian spirit (around neck)
   (You found it on level 1 of the Dungeon)
 q - a +6 ring of intelligence (left hand)
   (You found it on level 4 of the Dungeon)
 u - a +4 ring of protection (right hand)
   (You found it on level 5 of the Dungeon)
 B - an amulet of reflection
   (You found it on level 5 of the Dungeon)
Wands
 s - a wand of digging (6)
   (You found it on level 6 of the Dungeon)
 F - a wand of polymorph (8)
   (You found it on level 6 of the Dungeon)
Scrolls
 h - a scroll of silence {!r}
 i - a scroll of teleportation {unknown}
 l - 4 scrolls of enchant weapon
 n - 3 scrolls of magic mapping {!r}
 w - a scroll of immolation {unknown}
 E - a scroll of enchant armour {unknown}
 J - 2 scrolls of vulnerability {unknown}
 K - 3 scrolls of fog {unknown}
 L - a scroll of amnesia {unknown}
 M - a scroll of summoning {unknown}
 O - a scroll of holy word {unknown}
 P - a scroll of fear {unknown}
Potions
 d - a potion of might
 e - a potion of curing {@q1}
 j - 3 potions of mutation {!q}
 o - 2 potions of haste {unknown}
 p - 2 potions of berserk rage {unknown}
 z - 3 potions of lignification {unknown}
 C - 2 potions of degeneration {unknown}
 G - 4 potions of flight {unknown}
 H - 3 potions of attraction {unknown}
 I - a potion of ambrosia {unknown}
 N - a potion of heal wounds {unknown}

Dungeon Overview and Level Annotations

Branches:
Dungeon (7/15)             Temple (0/1) D:5         Ossuary (visited)

Altars:
Ashenzari
Elyvilon
Fedhas
Gozag
Kikubaaqudgha
Makhleb
Xom
Yredelemnul

Annotations:
D:6 2 transporters, Acetwo5's ghost, novice MiFi

##########...#
########............#
.............####...#############
########.###.# ##.###..........#
#.# #.# #.# #.###.####.# #.# #.#
#.# #.# #.## #.# #.# #.#
##.###.###.)###.# ########.#
#.####...#............ ...>.....#
#....@y#........©..... ........##
######......#########. #######<#
##.#..##8[....8## ..# #.#
#.#..#T........# #.# #.#
#.#..#h........# #.### #.#
#.#..#.........# ....# #.###
###.#..#....©....# ....###...#
##...#..#S........#
..........#####...##..#TZ.......#


You could see a troll, a hornet and a black bear.


Message History

😨 HP[-22] MP[-4]
You take 22 damage, and now have 45/97 hp.
MASSIVE DAMAGE!! (PAUSE)
You lost 4 mp, and now have 8/18 mp.
You completely miss the hornet.
You feel very sick.
The hornet stings you but does no damage.
The hornet stings you.
* * * LOW HITPOINT WARNING * * *
You are more poisoned.
You feel as though you will be slow longer.
The hornet stings you!
* * * LOW HITPOINT WARNING * * *
You are more poisoned.
You suddenly lose the ability to move!
You can move again. 😨 HP[-16] MP[-2]
You take 16 damage, and now have 29/97 hp.
You lost 2 mp, and now have 6/18 mp.
Aiming: Mindburst
Press: ? - help, Q - select action, (/) - cycle Shift-Dir - straight line, f - hornet
Aim: a hornet (chance to affect: 55%)
The hornet resists with significant effort.
* * * LOW HITPOINT WARNING * * *
You feel extremely sick. You block the hornet's attack.
The hornet closely misses you. 😱 HP[-8]
You take 8 damage, and now have 21/97 hp.
You feel better. The hornet closely misses you.
The hornet barely misses you. x2 😨 HP[+6]
You regained 6 hp, and now have 27/97 hp.
You closely miss the hornet.
The hornet stings you but does no damage.
The hornet stings you.
* * * LOW HITPOINT WARNING * * *
You are poisoned.
You suddenly lose the ability to move!
The hornet stings you!
* * * LOW HITPOINT WARNING * * *
You feel as though you will be slow longer.
You feel very sick.
The hornet stings you but does no damage.
You can move again. 😱 HP[-15] MP[-2]
You take 15 damage, and now have 12/97 hp.
You lost 2 mp, and now have 4/18 mp.
You feel better. You block the hornet's attack. The hornet stings you!
* * * LOW HITPOINT WARNING * * *
You are poisoned.
You feel as though you will be slow longer.
The hornet stings you!
* * * LOW HITPOINT WARNING * * *
You are more poisoned.
You shrug off the repeated paralysis! 😱 HP[-3] MP[-3]
You take 3 damage, and now have 9/97 hp.
You lost 3 mp, and now have 1/18 mp.
Aiming: Mindburst
Press: ? - help, Q - select action, (/) - cycle Shift-Dir - straight line, f/p - hornet
Aim: a hornet (chance to affect: 55%)
The hornet resists with significant effort.
* * * LOW HITPOINT WARNING * * *
You feel very sick.
The hornet stings you but does no damage.
The hornet completely misses you. 😱 HP[-6]
You take 6 damage, and now have 3/97 hp.
You feel better. The hornet closely misses you.
You block the hornet's attack. 😱 HP[+12]
You regained 12 hp, and now have 15/97 hp.
Aiming: Mindburst
Press: ? - help, Q - select action, (/) - cycle Shift-Dir - straight line, f/p - hornet
Aim: a hornet (chance to affect: 55%)
The hornet resists with significant effort.
The now-empty wand crumbles to dust.
You feel yourself speed up.
The hornet stings you but does no damage.
The hornet barely misses you. 😱 MP[+1]
You feel better. The hornet barely misses you.
You block the hornet's attack. 😨 HP[+11]
You regained 11 hp, and now have 26/97 hp.
You slash the hornet!
The hornet stings you but does no damage.
The hornet stings you!
* * * LOW HITPOINT WARNING * * *
You feel yourself slow down. 😱 HP[-6] MP[-1]
You take 6 damage, and now have 20/97 hp.
You lost 1 mp, and now have 1/18 mp.
You miss the hornet. The hornet closely misses you.
You block the hornet's attack. x3
You miss the hornet.
You feel yourself speed up. The hornet stings you!
* * * LOW HITPOINT WARNING * * *
You feel yourself slow down. The hornet stings you.
You suddenly lose the ability to move!
The hornet stings you!
You die...
Your body crumbles into a pile of gold.

Skill      XL: |  1  2  3  4  5  6  7  8  9 |
---------------+----------------------------+-----
Spellcasting   | 1 2 3 4 5 6 |  6.3
Dodging        | 3 4 5 6 |  6.0
Shields        | 3 4 5 6 |  6.1
Fighting       | 5 6 7 8 |  8.8
Ice Magic      | 1 3 |  3.3
Transmutations | 2 |  2.1
Axes           | |  2.0

Action                   |  1- 3 |  4- 6 |  7- 9 || total
-------------------------+-------+-------+-------++-------
Melee: War axe           |    89 |   115 |   337 ||   541
Throw: Dart              |       |       |     2 ||     2
Evoke: Wand              |       |       |     6 ||     6
  Use: Scroll            |       |     3 |     2 ||     5
       Potion            |       |       |     5 ||     5
 Stab: Sleeping          |       |     1 |       ||     1
       Distracted        |       |     1 |     1 ||     2
Armor: Robe              |    36 |    27 |    79 ||   142
Dodge: Dodged            |    43 |    68 |   153 ||   264
Block: Kite shield       |    41 |    56 |   120 ||   217

Levels and vault maps discovered:
D:1:      amcnicky_arrival_underground_garden, layout_rooms,
          corexii_corridor_pit
D:2:      layout_rooms, basic_altar, basic_ecumenical_altar, chequers_jeans,
          minmay_tree_intersection
D:3:      layout_basic, minmay_misc_feat_encased
D:4:      layout_cave_pools, kennysheep_mini_moat,
          lemuel_mausoleum_altar_kikubaaqudgha,
          mainiacjoe_overflow_concentric_impassable, fedhas_altar_3
D:5:      layout_cave_pools, mainiacjoe_overflow_boulevard,
          mainiacjoe_overflow_catwalk, temple_fountains
D:6:      layout_loops_ring, mainiacjoe_overflow_tiny_flanked,
          gammafunk_ghost_arena, chequers_ossuary_entry_cave, uniq_sigmund
D:7:      kennysheep_slugbush, layout_loops_ring, old_standard_altar,
          mainiacjoe_overflow_cross_hatched, grunt_ministairs_7,
          uniq_crazy_yiuf_cottage

Notes
Turn   | Place    | Note
-------+----------+-------------------------------------------
     0 | D:1      | GrayStillPlays the Ogre Fighter began the quest for the
                  | Orb.
     0 | D:1      | Reached XP level 1. HP: 24/24 MP: 1/1
     0 | D:1      | magus.rc [v1.9.6]
    92 | D:1      | Reached XP level 2. HP: 30/32 MP: 2/2
   226 | D:1      | Reached skill level 1 in Spellcasting
   527 | D:2      | Reached skill level 3 in Dodging
   527 | D:2      | Reached skill level 3 in Shields
   528 | D:2      | Reached XP level 3. HP: 40/40 MP: 4/4
   570 | D:2      | Found an opulent altar of Gozag.
   618 | D:2      | Found a faded altar of an unknown god.
   622 | D:2      | Became a worshipper of Gozag Ym Sagoz the Greedy
  1041 | D:2      | Reached XP level 4. HP: 27/49 MP: 6/6
  1472 | D:3      | Reached skill level 2 in Spellcasting
  1883 | D:3      | Reached skill level 5 in Fighting
  1883 | D:3      | Reached XP level 5. HP: 50/57 MP: 6/8
  2141 | D:4      | You pick up a book of Frost and begin reading...
  2141 | D:4      | You add the spells Freeze, Frozen Ramparts and Hailstorm to
                  | your library.
  2157 | D:4      | Reached XP level 6. HP: 25/66 MP: 6/10
  2470 | D:4      | Found a blossoming altar of Fedhas.
  2480 | D:4      | Reached skill level 3 in Spellcasting
  2728 | D:4      | Found a burning altar of Makhleb.
  2738 | D:4      | Reached skill level 4 in Dodging
  2839 | D:4      | Reached skill level 4 in Shields
  2855 | D:4      | Reached skill level 6 in Fighting
  3213 | D:4      | Reached XP level 7. HP: 68/75 MP: 12/12
  3299 | D:4      | You pick up a book of Dreams and begin reading...
  3299 | D:4      | You add the spells Ensorcelled Hibernation, Spider Form and
                  | Anguish to your library.
  3304 | D:4      | Learned a level 3 spell: Frozen Ramparts
  3308 | D:4      | Found a shimmering altar of Xom.
  3460 | D:4      | HP: 16/66 [wight (8)]
  3512 | D:3      | HP: 15/62 [necrophage (4)]
  4097 | D:4      | Reached skill level 4 in Spellcasting
  4097 | D:4      | Reached skill level 1 in Ice Magic
  4357 | D:4      | Reached XP level 8. HP: 59/77 MP: 8/14
  4457 | D:4      | Reached skill level 7 in Fighting
  4457 | D:4      | Reached skill level 2 in Ice Magic
  4578 | D:4      | Found an ancient bone altar of Kikubaaqudgha.
  4683 | D:5      | Entered Level 5 of the Dungeon
  4806 | D:5      | Reached skill level 5 in Shields
  5031 | D:5      | Reached skill level 5 in Dodging
  5085 | D:5      | Reached skill level 5 in Spellcasting
  5285 | D:5      | Found a white marble altar of Elyvilon.
  5641 | D:5      | Reached skill level 3 in Ice Magic
  5730 | D:5      | You pick up a book of Flames and begin reading...
  5730 | D:5      | You add the spells Foxfire, Conjure Flame, Inner Flame and
                  | Flame Wave to your library.
  5793 | D:5      | Found a broken altar of Ashenzari.
  5915 | D:5      | Found a staircase to the Ecumenical Temple.
  6064 | D:6      | Found a sand-covered staircase.
  6071 | Ossuary  | Entered an ossuary
  6554 | Ossuary  | Reached XP level 9. HP: 80/96 MP: 15/17
  6701 | Ossuary  | Reached skill level 8 in Fighting
  6830 | D:6      | Learned a level 3 spell: Spider Form
  6895 | D:6      | Noticed a gargoyle
  6907 | D:6      | Killed a gargoyle
  6908 | D:6      | Reached skill level 1 in Transmutations
  7211 | D:6      | Reached skill level 6 in Spellcasting
  7309 | D:6      | Found a transporter.
  7314 | D:6      | Noticed a troll
  7314 | D:6      | Noticed Acetwo5's ghost (novice MiFi)
  7315 | D:6      | Found a transporter.
  7369 | D:6      | Found a basalt altar of Yredelemnul.
  7824 | D:6      | Noticed Sigmund
  7831 | D:6      | Killed Sigmund
  7832 | D:6      | Reached skill level 6 in Dodging
  7832 | D:6      | Reached skill level 6 in Shields
  7832 | D:6      | Reached skill level 2 in Transmutations
  8758 | D:7      | Noticed a hornet
  8762 | D:6      | Paralysed by a hornet for 3 turns
  8766 | D:6      | Paralysed by a hornet for 1 turns
  8767 | D:6      | HP: 21/97 [poisoned by a hornet]
  8769 | D:6      | Paralysed by a hornet for 3 turns
  8771 | D:6      | HP: 9/97 [hornet (6)]
  8772 | D:6      | HP: 3/97 [poisoned by a hornet]
  8778 | D:6      | HP: 8/97 [hornet (13)]
  8778 | D:6      | Paralysed by a hornet for 1 turns
  8778 | D:6      | Slain by a hornet

Vanquished Creatures
  A gargoyle (D:6)
  Sigmund (D:6)
  A water moccasin (D:5)
  5 necrophages
  4 ogres
  A phantom (D:6)
  A wyvern zombie (D:6)
  3 scorpions
  3 killer bees (D:6)
  A water moccasin skeleton (D:4)
  3 wights (D:4)
  A howler monkey (D:3)
  A centaur zombie (D:4)
  2 bullfrog zombies
  4 hounds (D:4)
  2 jellies
  A human zombie (D:4)
  A bullfrog skeleton (D:6)
  2 iguanas
  13 mummies
  A howler monkey zombie (D:5)
  A howler monkey skeleton (D:4)
  6 adders
  A white imp (D:6)
  An ufetubus (D:4)
  An adder zombie (D:4)
  An adder skeleton (D:4)
  4 worms
  A dart slug (D:1)
  5 orcs
  3 bats
  5 endoplasms
  A giant cockroach (D:4)
  9 goblins
  5 hobgoblins
  7 jackals
  6 kobolds
  3 quokkas
  7 ball pythons
  5 frilled lizards
  2 gnoll skeletons (Ossuary)
  A goblin skeleton (Ossuary)
  2 kobold skeletons (Ossuary)
  3 orc skeletons (Ossuary)
  4 rats
  11 rat skeletons (Ossuary)
147 creatures vanquished.

Vanquished Creatures (others)
  A dart slug (D:7)
  3 fungi (D:4)
  3 plants (D:4)
7 creatures vanquished.

Grand Total: 154 creatures vanquished

Table legend:
 A = Non-vault XP
 B = Vault XP
 C = Vault XP percentage of total XP
 D = Non-vault monster count
 E = Vault monster count
 F = Vault count percentage of total count
                 A         B        C        D         E       F
            +---------+---------+-------+---------+---------+-------
      Total |    2551 |    1280 |  33.4 |     103 |      44 |  29.9
            +---------+---------+-------+---------+---------+-------
        D:1 |      29 |       0 |   0.0 |      16 |       0 |   0.0
        D:2 |      61 |       0 |   0.0 |      25 |       0 |   0.0
        D:3 |      91 |     119 |  56.7 |      17 |       1 |   5.6
        D:4 |     544 |     698 |  56.2 |      19 |      11 |  36.7
        D:5 |     628 |       0 |   0.0 |      10 |       0 |   0.0
        D:6 |    1198 |     227 |  15.9 |      16 |       1 |   5.9
    Ossuary |       0 |     236 | 100.0 |       0 |      31 | 100.0
            +---------+---------+-------+---------+---------+-------

Illustrated notes

Table legend:
 A = Kills in this place as a percentage of kills in entire the game.
 B = Kills by you in this place as a percentage of kills by you in the entire game.
 C = Kills by friends in this place as a percentage of kills by friends in the entire game.
 D = Other kills in this place as a percentage of other kills in the entire game.
 E = Experience gained in this place as a percentage of experience gained in the entire game.
 F = Experience gained in this place divided by the number of levels of this place that you have seen.
                   A       B       C       D       E      F
               +-------+-------+-------+-------+-------+----------------------
         Total | 100.0 | 100.0 |   N/A |   N/A | 100.0 | 478.9
       Dungeon |  78.9 |  78.9 |   N/A |   N/A |  93.8 | 513.6
       Ossuary |  21.1 |  21.1 |   N/A |   N/A |   6.2 | 236.0
               +-------+-------+-------+-------+-------+----------------------

Table legend: (Time is in decaauts)
 A = Elapsed time spent in this place.
 B = Non-inter-level travel time spent in this place.
 C = Inter-level travel time spent in this place.
 D = Time resting spent in this place.
 E = Time spent auto-exploring this place.
 F = Levels seen in this place.
 G = Mean time per level.
                   A        B        C        D        E       F      G
               +--------+--------+--------+--------+--------+-----+--------+
         Total |   9073 |   8862 |    211 |   2346 |   4789 |   8 | 1134.1 |
       Dungeon |   8298 |   8087 |    211 |   2252 |   4439 |   7 | 1185.4 |
       Ossuary |    774 |    774 |      0 |     94 |    350 |   1 |  774.0 |
               +--------+--------+--------+--------+--------+-----+--------+

Top non-repeatable levels by time:
     D:4: 2616 daAuts
     D:6: 2048 daAuts
     D:3: 1143 daAuts
     D:5: 1066 daAuts
     D:2: 861 daAuts
 Ossuary: 774 daAuts
     D:1: 540 daAuts
     D:7: 22 daAuts
